 Dungeon Crawl Stone Soup version 0.13.0-26-gf7ffa3a (webtiles) character file.

107 Kae the Firebug (level 3, -6/19 HPs)
             Began as a Tengu Fire Elementalist on Oct 31, 2013.
             Mangled by an orc
             ... wielding a +0,+2 orcish mace
              (8 damage)
             ... on Level 3 of the Dungeon.
             The game lasted 00:02:15 (1495 turns).

Kae the Firebug (Tengu Fire Elementalist)           Turns: 1495, Time: 00:02:16

HP  -6/19        AC  2     Str  8      XL: 3   Next: 75%
MP   2/7         EV 12     Int 21      God:
Gold 58          SH  0     Dex 14      Spells:  2 memorised,  3 levels left

Res.Fire  : . . .   See Invis. : .   (no weapon)
Res.Cold  : . . .   Warding    : .   a - +0 robe
Life Prot.: . . .   Conserve   : .   (no shield)
Res.Poison: .       Res.Corr.  : .   (helmet restricted)
Res.Elec. : .       Clarity    : .   (no cloak)
Sust.Abil.: . .     Spirit.Shd : .   (no gloves)
Res.Mut.  : .       Stasis     : .   (boots unavailable)
Res.Rott. : .       Flight     : .   (no amulet)
Saprovore : . . .                    (no ring)
                                     (no ring)

@: brilliant, mildly poisoned, slowed, very slow, not resistant to hostile
enchantments, fairly stealthy
A: beak, talons 3
a: no special abilities


You were on level 3 of the Dungeon.
You were hungry.

You visited 1 branch of the dungeon, and saw 3 of its levels.

You collected 38 gold pieces.

Inventory:

Missiles
 g - 21 darts (quivered)
Armour
 a - a +0 robe (worn)
Comestibles
 c - a bread ration
 h - a pear
 l - a meat ration
Scrolls
 d - 4 scrolls of remove curse {unknown}
 e - 2 scrolls of identify {unknown}
 j - a scroll of fear {unknown}
Jewellery
 n - an uncursed ring of fire {unknown}
Potions
 f - a potion of restore abilities
Books
 b - a book of Flames

   Spells                             Type                      Level
   *Flame Tongue                      Conjuration/Fire             1
   *Throw Flame                       Conjuration/Fire             2
   Conjure Flame                      Conjuration/Fire             3
   Inner Flame                        Hexes/Fire                   3
   Sticky Flame                       Conjuration/Fire             4
   Fireball                           Conjuration/Fire             5


   Skills:
 - Level 2.1 Dodging
 - Level 2.0 Stealth
 + Level 2.0 Spellcasting
 + Level 2.4 Conjurations
 + Level 4.1 Fire Magic


You had 3 spell levels left.
You knew the following spells:

 Your Spells              Type           Power        Failure   Level  Hunger
a - Flame Tongue          Conj/Fire      ####.        1%          1    #......
b - Throw Flame           Conj/Fire      ####..       1%          2    ##.....


Dungeon Overview and Level Annotations

Branches:
Dungeon (3/27)

Altars:
Elyvilon


Innate Abilities, Weirdness & Mutations

You have a beak for a mouth.
You have claws for feet.


Message History

* * * LOW HITPOINT WARNING * * *
You feel sick.
Drink which item? (? for menu, Esc to quit)
You feel refreshed.
It was a potion of restore abilities.
You see here an elven dagger.
Drink which item? (? for menu, Esc to quit)
You feel yourself slow down.
It was a potion of slowing.
Drink which item? (? for menu, Esc to quit)
It has a very clean taste.
It was a potion of cure mutation.
The orc barely misses you. The orc hits you but does no damage.
* * * LOW HITPOINT WARNING * * *
You feel sick.
Drink which item? (? for menu, Esc to quit)
You feel more clever all of a sudden.
It was a potion of brilliance.
The orc closely misses you.
Your magical contamination has completely faded away.
The orc closely misses you.
There is a stone staircase leading up here.
The orc hits you with an orcish mace!
You die...

##################
#.................
#)####............
#.# #............
#.# #.#####....##
###o####.# ....#
#..o..##.# ...o#
#.#@#.##.# ....#
#.#.#..#.# ..o.# #
..# .#.# ..o.#
.... .#.# ....
#..## #. . #.. #..
... .


You could see 2 orcs.

Vanquished Creatures
  2 adders
  A worm (D:2)
  An ooze (D:1)
  2 goblins
  2 jackals (D:1)
  4 kobolds
  6 bats
  3 giant newts (D:2)
  3 rats
24 creatures vanquished.

Notes
Turn   | Place    | Note
--------------------------------------------------------------
     0 | D:1      | Kae, the Tengu Fire Elementalist, began the quest for the Orb.
     0 | D:1      | Reached XP level 1. HP: 10/10 MP: 3/3
   276 | D:1      | Reached XP level 2. HP: 10/15 MP: 3/5
   332 | D:1      | Learned a level 2 spell: Throw Flame
   864 | D:2      | Found a white marble altar of Elyvilon.
   936 | D:2      | Reached XP level 3. HP: 19/19 MP: 4/7
  1364 | D:2      | Reached skill level 4 in Fire Magic
  1495 | D:3      | Mangled by an orc

Action                   || total
-------------------------++-------
Melee: Unarmed           ||    12
 Cast: Flame Tongue      ||    45
  Use: Potion            ||     4
